 Dungeon Crawl Stone Soup version 0.13-b1-54-gfe00c74 (webtiles) character file.

1402 Malachi the Archer (level 8, 0/62 HPs)
             Began as a Centaur Hunter on Oct 10, 2013.
             Was an Initiate of Okawaru.
             Slain by kober's ghost (9 damage)
             ... on Level 6 of the Dungeon.
             The game lasted 00:17:32 (6542 turns).

Malachi the Archer (Centaur Hunter)                 Turns: 6542, Time: 00:17:32

HP   0/62        AC  6     Str 20      XL: 8   Next: 16%
MP   5/5         EV 10     Int 12      God: Okawaru [......]
Gold 241         SH  0     Dex 10      Spells:  0 memorised,  7 levels left

Res.Fire  : + . .   See Invis. : .   a - +7,+5 quarterstaff "Newtbane" {venom, +Rage Str+2 Dex+1 Int+2}
Res.Cold  : . . .   Warding    : .   d - +0 leather armour
Life Prot.: . . .   Conserve   : .   (no shield)
Res.Poison: .       Res.Corr.  : .   (no helmet)
Res.Elec. : .       Clarity    : .   (no cloak)
Sust.Abil.: . .     Spirit.Shd : .   x - +0 pair of gloves
Res.Mut.  : .       Stasis     : .   (no barding)
Res.Rott. : .       Flight     : .   (no amulet)
Saprovore : . . .                    (no ring)
                                     (no ring)

@: very quick, somewhat resistant to hostile enchantments, extremely unstealthy
A: hooves 3, deformed body, fire resistance 1, herbivore 1, speed 2, fast
metabolism 1, magic resistance 1, tough skin 3, AC +1
a: Renounce Religion, Evoke Berserk Rage


You were on level 6 of the Dungeon.
You worshipped Okawaru.
Okawaru was noncommittal.
You were not hungry.

You visited 1 branch of the dungeon, and saw 6 of its levels.

You collected 221 gold pieces.

Inventory:

Hand weapons
 a - the +7,+5 quarterstaff "Newtbane" (weapon) {venom, +Rage Str+2 Dex+1 Int+2}
   (You found it on level 4 of the Dungeon)

   It poisons the flesh of those it strikes.
   It affects your strength (+2).
   It affects your intelligence (+2).
   It affects your dexterity (+1).
   It lets you go berserk.
 b - a +1,+1 bow
 p - a +0,+1 flail of crushing
 s - a +6,+1 halberd
Missiles
 c - 52 arrows
Armour
 d - a +0 leather armour (worn)
 x - a +0 pair of gloves (worn)
Comestibles
 f - 5 bread rations
 k - 2 chokos
 l - a pear
 m - 2 apples
 w - 12 strawberries
Scrolls
 e - a scroll of magic mapping
 n - 4 scrolls of remove curse
 o - 4 scrolls of teleportation
 v - 2 scrolls of fear
 y - a scroll of recharging
 D - a scroll of random uselessness
Potions
 g - a potion of agility
 h - a potion of heal wounds
 i - a potion of porridge
 j - a potion of might {unknown}
 r - 2 potions of restore abilities


   Skills:
 + Level 2.2 Fighting
 - Level 0.1 Polearms
 * Level 1.0 Staves
 - Level 11.3 Bows
 + Level 2.3 Armour
 + Level 2.9 Dodging
 - Level 0.9 Stealth


You had 7 spell levels left.
You didn't know any spells.

Dungeon Overview and Level Annotations

Branches:
Dungeon (6/27)
 Temple: D:4-7          Orc: D:6-11

Altars:
Fedhas
Okawaru
Vehumet

Annotations:
D:6 kober's ghost, experienced DDFi


Innate Abilities, Weirdness & Mutations

You have hooves in place of feet.
Armour fits poorly on your strangely shaped body.
You digest meat inefficiently.
You cover ground very quickly.
You have a fast metabolism.
You have extremely tough skin (AC +3).
You are partially covered in molten scales (AC +1).
Your flesh is heat resistant.
You are resistant to hostile enchantments.


Message History

You hit kober's ghost but do no damage. Your kick misses kober's ghost.
Kober's ghost is heavily damaged.
The jackal barely misses you. Kober's ghost hits you.
The jackal bites you but does no damage.
You thump kober's ghost! You kick kober's ghost.
Kober's ghost is severely damaged.
The jackal bites you but does no damage.
Kober's ghost closely misses you. The jackal barely misses you.
Kober's ghost hits you!
* * * LOW HITPOINT WARNING * * *
You hit the jackal.
The jackal is poisoned.
Your kick misses the jackal.
The jackal is severely wounded.
The jackal barely misses you. Kober's ghost hits you!
* * * LOW HITPOINT WARNING * * *
You barely miss the jackal. You kick the jackal, but do no damage.
The jackal is severely wounded.
You kill the jackal!
Okawaru accepts your kill. Kober's ghost hits you!
You die...

## ### ##..
..###.. #...#
#.<.# #..@#
#.###p...._..
## r#..... .#
.... .. ...
.# . .# .# .


You could see kober's ghost and a rat.

Vanquished Creatures
  4 ogres (D:4)
  3 crimson imps (D:5)
  A hound (D:5)
  4 orc priests
  An iguana (D:4)
  4 orc wizards
  A gnoll shaman (D:3)
  An ogre skeleton (D:5)
  21 gnolls
  4 adders
  A giant mite (D:3)
  5 worms
  2 adder zombies (D:5)
  A giant eyeball (D:4)
  4 giant geckos
  An ooze (D:2)
  9 orcs
  4 ball pythons
  12 bats
  18 goblins
  10 hobgoblins
  9 kobolds
  3 quokkas
  3 giant cockroaches
  A giant gecko zombie (D:5)
  5 giant newts
  A giant newt skeleton (D:4)
  A goblin skeleton (D:4)
  7 jackals
  A kobold skeleton (D:4)
  A kobold zombie (D:5)
  An orc skeleton (D:5)
  17 rats
  2 rat skeletons
163 creatures vanquished.

Notes
Turn   | Place    | Note
--------------------------------------------------------------
     0 | D:1      | Malachi, the Centaur Hunter, began the quest for the Orb.
     0 | D:1      | Reached XP level 1. HP: 17/17 MP: 0/0
   284 | D:1      | Reached XP level 2. HP: 16/24 MP: 1/1
   713 | D:1      | Reached skill level 6 in Bows
  1382 | D:2      | Reached XP level 3. HP: 20/29 MP: 2/2
  1823 | D:2      | Reached skill level 1 in Armour
  1823 | D:2      | Reached XP level 4. HP: 28/36 MP: 2/2
  2567 | D:3      | Reached XP level 5. HP: 33/41 MP: 3/3
  2586 | D:3      | Reached skill level 7 in Bows
  2926 | D:3      | Reached skill level 8 in Bows
  2926 | D:3      | Reached XP level 6. HP: 32/49 MP: 4/4
  3174 | D:3      | Reached skill level 9 in Bows
  3770 | D:4      | Reached skill level 10 in Bows
  3770 | D:4      | Reached XP level 7. HP: 34/55 MP: 4/4
  4941 | D:4      | Reached skill level 11 in Bows
  5043 | D:4      | Gained mutation: You are partially covered in molten scales (AC +1). [potion of mutation]
  5043 | D:4      | Gained mutation: You are resistant to hostile enchantments. [potion of mutation]
  5043 | D:4      | Gained mutation: Your flesh is heat resistant. [potion of mutation]
  5638 | D:4      | Got a brightly glowing quarterstaff
  5640 | D:4      | Identified the quarterstaff "Newtbane" {venom, +Rage Str+2 Dex+1 Int+2} (You found it on level 4 of the Dungeon)
  5695 | D:5      | Entered Level 5 of the Dungeon
  5726 | D:5      | Reached XP level 8. HP: 55/62 MP: 5/5
  5988 | D:5      | Found an iron altar of Okawaru.
  6020 | D:5      | Became a worshipper of Warmaster Okawaru
  6270 | D:5      | Found a blossoming altar of Fedhas.
  6487 | D:5      | Reached skill level 1 in Staves
  6528 | D:6      | Noticed kober's ghost (experienced DDFi)
  6528 | D:6      | Found a radiant altar of Vehumet.
  6542 | D:6      | Slain by kober's ghost

Action                   |  1- 3 |  4- 6 |  7- 9 || total
-------------------------+-------+-------+-------++-------
Melee: Short sword       |    29 |       |       ||    29
       Whip              |   106 |       |       ||   106
       Flail             |       |     8 |       ||     8
       Halberd           |       |     9 |    57 ||    66
       Quarterstaff      |       |       |    84 ||    84
       Bow               |       |       |     1 ||     1
 Fire: Bow               |     8 |   138 |    48 ||   194
  Use: Scroll            |    11 |     1 |     3 ||    15
       Potion            |     2 |       |    11 ||    13
